Map: Para Site LE

Players

ViBE - Winner!

  • Race: Terran Terran
  • League: Diamond
  • Spawn Location: 5:00

Weasel

  • Race: Zerg Zerg
  • League: Diamond
  • Spawn Location: 11:00

VOD

Have the link to the VOD?

Description

Time

  • Played on: Nov. 30, 2018, 11 p.m.
  • Length: 18:18
Show
View Real Time Build Order
Export as new Build Order

ViBE Terran - Winner!

Build Orders: Reaper Expand 

Get SALT Encoding   

  12  0:01  SCV  
  13  0:13  SCV  
  14  0:18  Supply Depot  
  14  0:25  SCV  
  15  0:39  SCV  
  15  0:41  Barracks  
  16  0:51  SCV  
  16  0:56  Refinery  
  17  1:03  SCV  
  18  1:15  SCV  
  19  1:31  Orbital Command  
  19  1:37  Command Center  
  19  1:42  Reaper  
  20  1:51  Supply Depot  
  20  1:57  SCV  
  21  2:09  SCV  
  22  2:20  Barracks Reactor  
  22  2:21  SCV, Barracks  
  22  2:34  SCV  
  23  2:39  Refinery  
  23  2:40  Factory, Supply Depot  
  23  2:46  SCV  
  23  2:50  Orbital Command  
  24  2:56  Marine  
  24  2:57  Marine  
  24  2:58  SCV  
  27  3:03  Supply Depot  
  27  3:09  Barracks Tech Lab  
  27  3:10  SCV  
  28  3:15  SCV  
  28  3:17  Marine x2  
  31  3:22  SCV  
  32  3:27  SCV  
  32  3:28  Stimpack  
  33  3:34  SCV  
  33  3:37  Starport  
  33  3:39  SCV  
  33  3:41  Marine  
  36  3:43  Factory Reactor  
  36  3:45  Marine x2  
  36  3:47  SCV  
  39  3:51  SCV, Supply Depot  
  40  4:05  Marine x3  
  40  4:06  SCV x2  
  45  4:14  Supply Depot  
  45  4:18  SCV x2  
  47  4:30  Marine, SCV x2  
  47  4:31  Marine x2  
  42  4:37  Supply Depot  
  42  4:41  Medivac  
  42  4:42  Medivac, SCV x2  
  48  4:48  Marine  
  49  4:54  SCV  
  49  4:55  Marine x2, SCV  
  53  5:06  Marine, SCV  
  55  5:09  Command Center  
  55  5:12  Marine  
  55  5:13  Marine  
  57  5:16  Engineering Bay x2  
  57  5:22  SCV x2  
  59  5:33  Combat Shield  
  59  5:34  SCV  
  60  5:36  SCV  
  60  5:37  Marine x3  
  60  5:39  Medivac x2  
  60  5:41  Factory Tech Lab  
  68  5:46  SCV, Refinery  
  68  5:47  Refinery  
  68  5:49  SCV  
  70  5:54  Armory  
  70  5:59  SCV  
  70  6:01  SCV  
  70  6:02  Barracks x2  
  72  6:08  Barracks  
  72  6:11  SCV  
  73  6:17  SCV  
  73  6:18  Marine x3  
  75  6:23  SCV  
  78  6:36  Marine x3  
  81  6:51  Orbital Command, Widow Mine, Medivac x2  
  81  6:53  Barracks Reactor, Marine  
  81  6:54  Barracks Reactor, Marine x2  
  88  6:57  SCV x2  
  92  7:11  Command Center, Marine, Supply Depot x2  
  92  7:12  Drilling Claws  
  93  7:18  Orbital Command, Terran Infantry Weapons Level 1, Terran Infantry Armor Level 1  
  93  7:20  Barracks Reactor  
  93  7:23  Marine x2  
  93  7:29  Marine  
  96  7:31  SCV  
  96  7:32  SCV  
  98  7:37  Marine x4  
  98  7:41  Marine  
  98  7:43  Terran Vehicle And Ship Armor Level 1  
  98  7:44  SCV  
  104  7:57  Supply Depot x2  
  104  7:59  Marine x4  
  104  8:00  Marine x3  
  104  8:04  Marine  
  104  8:05  Marine  
  113  8:06  Medivac x2  
  117  8:18  Widow Mine  
  117  8:19  Marine x3  
  120  8:20  Marine x4  
  120  8:21  Barracks x2  
  120  8:22  Marine x2  
  120  8:24  Supply Depot  
  102  8:50  Marine x7  
  102  8:52  Marine x2  
  104  8:57  Widow Mine, Medivac x2  
  110  9:07  Marine  
  110  9:08  Marine x4  
  110  9:09  Barracks Reactor  
  115  9:10  Barracks Reactor  
  115  9:16  Marine x4  
  103  9:20  Planetary Fortress  
  103  9:25  Marine  
  103  9:26  Marine x4  
  103  9:27  Medivac x2  
  103  9:28  Terran Infantry Weapons Level 2, Terran Infantry Armor Level 2  
  112  9:34  Command Center, Marine x4  
  112  9:35  SCV  
  112  9:36  SCV x2  
  119  9:43  Marine x2  
  121  10:02  Marine x3  
  121  10:03  Marine x9  
  121  10:05  Widow Mine, Medivac x2  
  139  10:11  Barracks  
  139  10:12  Barracks  
  139  10:15  Barracks  
  139  10:16  Barracks  
  139  10:20  SCV x4  
  143  10:25  Refinery  
  143  10:26  Refinery  
  143  10:32  SCV x4  
  147  10:42  Widow Mine, Medivac x2  
  153  10:43  Marine x3  
  153  10:45  Marine x9, SCV x2  
  133  10:59  Marine  
  133  11:01  Marine x3  
  133  11:03  Marine x4  
  135  11:05  Barracks Tech Lab  
  135  11:06  Barracks Reactor x2, Barracks Tech Lab  
  135  11:10  Marine  
  135  11:11  Marine x4  
  138  11:13  Widow Mine  
  138  11:15  Terran Vehicle And Ship Armor Level 2  
  138  11:17  Marauder  
  144  11:18  Marine  
  144  11:19  Marine x2  
  144  11:21  Marine, SCV x2  
  144  11:24  Marine x2, Supply Depot x3  
  144  11:25  Marine  
  155  11:28  Marauder, Marine  
  155  11:29  Marauder  
  155  11:32  Concussive Shells  
  158  11:41  Supply Depot  
  158  11:42  Supply Depot  
  158  11:45  Marine x2  
  158  11:46  Marine x15  
  175  11:51  Planetary Fortress  
  175  11:59  Marauder x2  
  179  12:43  Marine x3  
  179  12:44  Marauder, Marine x8  
  158  12:45  Marauder x3, Widow Mine, Medivac  
  158  12:46  Widow Mine, Medivac  
  154  12:59  Terran Infantry Armor Level 3, Terran Infantry Weapons Level 3  
  154  13:06  Marauder x4  
  154  13:08  Marine x3  
  154  13:09  Marine x5  
  170  13:15  Widow Mine  
  170  13:16  Widow Mine  
  170  13:17  Marine  
  170  13:18  Marine x5  
  180  13:26  Marine x7  
  187  13:27  Marauder  
  187  13:28  Marauder x3  
  195  13:37  Widow Mine x2  
  195  13:39  Marine  
  195  13:40  Terran Vehicle And Ship Armor Level 3  
  200  14:00  Command Center  
  181  14:30  Marine  
  181  14:31  Marauder x4, Marine x13  
  155  14:40  Widow Mine x2, Medivac x2  
  155  14:48  Marine  
  155  14:49  Marine x13  
  155  14:52  Marauder x4  
  177  14:57  Barracks  
  177  14:58  Barracks  
  177  14:59  Barracks x2  
  177  15:01  Widow Mine x2  
  177  15:06  Marine x2  
  183  15:10  Medivac x2  
  183  15:13  Marauder  
  183  15:14  Marauder, Factory  
  191  15:15  Refinery  
  191  15:16  Planetary Fortress  
  191  15:17  Refinery  
  191  15:21  Marine  
  191  15:22  Marauder x2, Marine x4  
  200  15:46  Barracks Tech Lab x2  
  200  15:47  Barracks Reactor  
  200  15:48  Barracks Reactor  
  200  16:08  Neosteel Armor, Hi-Sec Auto Tracking  
  156  16:26  Marauder x6, Marine x18  
  179  16:43  Marine  
  179  16:44  Widow Mine, Marine x2  
  179  16:45  Widow Mine, Factory Reactor  
  179  16:46  Medivac x2  
  166  17:08  Marine  
  166  17:09  Marauder x6, Marine x8  
  166  17:10  Marine  
  148  17:24  SCV  
  148  17:25  SCV x3  
  152  17:30  Marauder x2  
  152  17:36  SCV  
  155  17:37  SCV x2  
  155  17:43  Command Center  
  157  17:55  SCV x4  
Show
View Real Time Build Order
Export as new Build Order

Weasel Zerg 

Build Orders: Hatch First 

Get SALT Encoding   

  12  0:03  Drone  
  13  0:13  Overlord  
  13  0:17  Drone  
  14  0:31  Drone x2  
  14  0:35  Drone  
  17  0:53  Hatchery  
  16  1:01  Drone  
  16  1:02  Extractor  
  16  1:13  Spawning Pool  
  16  1:15  Drone  
  16  1:18  Drone  
  17  1:23  Drone  
  18  1:29  Drone  
  19  1:39  Overlord  
  19  2:00  Zergling x2, Queen  
  22  2:02  Zergling x2  
  22  2:05  Queen  
  25  2:08  Metabolic Boost  
  25  2:13  Drone  
  25  2:15  Drone  
  27  2:20  Drone  
  28  2:28  Drone x2  
  30  2:33  Overlord  
  30  2:40  Drone  
  31  2:47  Drone  
  32  2:53  Drone  
  33  2:58  Hatchery  
  33  3:00  Drone x2  
  34  3:15  Drone x2  
  36  3:22  Zergling x4  
  38  3:41  Zergling x12  
  39  3:48  Overlord x3  
  44  4:06  Drone  
  44  4:07  Drone x3  
  48  4:11  Queen  
  48  4:13  Overlord x2  
  49  4:29  Drone  
  49  4:30  Drone x8  
  54  4:36  Extractor  
  48  4:39  Lair  
  48  4:46  Drone x2  
  48  4:47  Queen  
  48  4:48  Extractor, Drone  
  48  4:49  Drone x2  
  48  4:52  Queen  
  56  5:06  Drone x3  
  59  5:07  Drone  
  59  5:08  Drone x2  
  59  5:10  Drone x2  
  59  5:13  Baneling Nest  
  63  5:14  Drone  
  63  5:15  Drone  
  63  5:16  Drone x2  
  63  5:21  Zergling x8  
  69  5:23  Queen  
  69  5:27  Zergling x6  
  76  5:39  Spore Crawler, Zergling x12  
  81  5:58  Zergling x2  
  81  6:00  Overlord x3  
  81  6:03  Baneling x2  
  81  6:04  Baneling x2  
  82  6:16  Centrifical Hooks  
  82  6:21  Hydralisk Den, Drone x2  
  82  6:25  Extractor  
  82  6:28  Baneling  
  82  6:29  Baneling x7  
  82  6:31  Zergling x22  
  82  6:32  Zergling x2  
  90  6:51  Drone  
  90  6:52  Drone x4  
  90  6:54  Extractor  
  94  6:56  Extractor  
  94  6:59  Queen  
  95  7:02  Drone x2  
  95  7:04  Drone  
  95  7:05  Evolution Chamber, Drone  
  95  7:06  Evolution Chamber  
  97  7:09  Overlord x2  
  97  7:10  Overlord x3  
  97  7:11  Hatchery  
  96  7:17  Muscular Augments  
  96  7:34  Drone x3  
  96  7:35  Spore Crawler  
  96  7:36  Overlord x2  
  98  7:38  Zerg Melee Weapons Level 1, Zerg Ground Armor Level 1  
  98  7:42  Drone x2  
  98  7:44  Zergling x18  
  109  8:00  Baneling  
  109  8:01  Baneling x12  
  109  8:04  Extractor  
  108  8:08  Extractor  
  108  8:12  Hydralisk x4  
  109  8:13  Hydralisk x3  
  109  8:15  Zergling x2  
  109  8:16  Zergling x12  
  121  8:28  Grooved Spines  
  121  8:29  Zergling x10  
  126  8:37  Queen  
  106  8:56  Hydralisk  
  106  8:57  Hydralisk x10  
  104  9:17  Zergling x2  
  104  9:18  Zergling x24  
  113  9:35  Zergling x22  
  124  9:43  Infestation Pit  
  124  9:44  Zerg Melee Weapons Level 2  
  124  9:45  Zerg Ground Armor Level 2  
  123  9:50  Drone  
  123  9:51  Drone x2  
  123  9:52  Drone x3  
  129  9:58  Zergling x2  
  129  9:59  Zergling x14  
  137  10:00  Baneling  
  137  10:01  Baneling x20  
  137  10:18  Zergling x22  
  137  10:19  Zergling x2  
  137  10:20  Hive  
  149  10:25  Spire  
  112  10:57  Zergling x10  
  112  10:58  Zergling x32  
  131  11:07  Zergling x2  
  131  11:08  Zergling x12  
  138  11:22  Baneling  
  138  11:23  Baneling x19  
  136  11:34  Extractor, Hatchery  
  133  11:47  Overseer x3  
  133  11:49  Pneumatized Carapace  
  133  12:06  Greater Spire  
  133  12:07  Ultralisk Cavern  
  133  12:08  Adrenal Glands  
  132  12:10  Hydralisk  
  132  12:11  Zergling x2  
  132  12:12  Zergling x28  
  132  12:13  Zergling x22  
  117  12:57  Baneling x9  
  117  12:58  Baneling x8  
  117  12:59  Anabolic Synthesis  
  117  13:01  Ultralisk  
  117  13:02  Ultralisk x4  
  147  13:25  Drone x2  
  147  13:26  Drone x5  
  154  13:33  Zerg Melee Weapons Level 3, Zerg Ground Armor Level 3  
  154  13:38  Zerg Flyer Weapons Level 1  
  154  13:41  Chitinous Plating  
  154  13:42  Zergling x10  
  154  13:43  Zergling x14  
  166  13:52  Overlord x2  
  166  13:53  Overlord x4  
  166  13:54  Overlord  
  110  14:32  Zergling x28  
  110  14:33  Zergling x8  
  97  14:55  Baneling x4  
  97  14:56  Baneling x22  
  103  15:00  Ultralisk x3  
  115  15:17  Hatchery  
  113  15:33  Drone x4  
  117  15:36  Extractor x2  
  117  15:38  Drone  
  117  15:39  Drone x2  
  118  15:46  Zerg Flyer Weapons Level 2  
  118  16:04  Ultralisk  
  118  16:05  Ultralisk x4  
  133  16:30  Zergling x14  
  133  16:31  Zergling x30  
  130  16:50  Zergling x16  
  120  17:08  Zergling x2  
  120  17:09  Zergling x10  
  107  17:23  Queen  
  83  17:41  Zergling x2  
  83  17:42  Zergling x22  
  83  17:43  Baneling  
  83  17:44  Baneling x11  
  89  18:07  Hatchery  
Tags
 
Add a new tag
Caveats
  • Supply blocks, unpowered buildings, or Contaminate may cause inaccurate times.
  • Supply counts are checked every 10 seconds.